cohdb
Replays
Latest Replays
All Replays
Popular Replays
Top Player Replays
Match Explorer
How It Works
Community
CoH3 Stats
Reddit
Sign in to upload your games and track your stats! →
Sign in with Steam
Match 43133594
Unlisted
Match 43133594
Overview
Messages
Build Orders
End
Kradschützen Motorcycle Team
Selects Italian Infantry
Panzergrenadier Squad
Panzerpioneer Squad
Panzergrenadier Squad
Construct Light Support Kompanie
Selects Defensive Operations
Construct Mechanized Kompanie
Panzerjäger Mechanized Group
Construct Mechanized Kompanie
Selects Prepared Positions
Marder III Tank Destroyer
Support Armor Elements
Marder III Tank Destroyer
1219835352
matrix4x4
0
0
Comments
sign in to comment!
No comments posted yet!